 Dungeon Crawl Stone Soup version 0.32-a0-450-g080537f31e (webtiles) character file.

Game seed: 6225574168360511325

4874 superpeng the Arsonist (level 10, -8/72 HPs)
             Began as a Red Draconian Fire Elementalist on Feb 23, 2024.
             Was an Elder of Hepliaklqana.
             Mangled by a wyvern (14 damage)
             ... on level 9 of the Dungeon.
             The game lasted 00:30:03 (9137 turns).

superpeng the Arsonist (DrFE)                       Turns: 9137, Time: 00:30:04

Health: -8/72      AC:  9    Str: 20    XL:     10   Next: 26%
Magic:  15/19      EV: 15    Int: 22    God:    Hepliaklqana [****..]
Gold:   389        SH:  0    Dex: 19    Spells: 14/21 levels left

rFire   + + +        y - +4 flail of Offence {heavy, rF+ SInv}
rCold   + . .        r - orb of the Trombone {mayhem, Str+4 Int+3 Stlth-}
rNeg    . . .        (body armour unavailable)
rPois   .            j - +1 hat
rElec   .            D - scarf {rC+ rF+}
rCorr   .            (no gloves)
SInv    +            A - +0 pair of boots
Will    .....        F - amulet of regeneration
Stlth   ++           m - +6 ring of strength
HPRegen 1.12/turn    s - +6 ring of dexterity
MPRegen 0.16/turn

%: mayhem
@: no status effects
A: reduced essence, breathe fire, AC +7, unfitting armour, fire resistance 1,
cold-blooded
a: Breathe Fire, Renounce Religion, Recall Ancestor, Ancestor Identity,
Transference, Idealise


You were on level 9 of the Dungeon.
You worshipped Hepliaklqana.
Hepliaklqana was greatly pleased with you.
You visited 2 branches of the dungeon, and saw 10 of its levels.
You also visited: Sewer.

You collected 389 gold pieces.

Inventory:

Hand Weapons
 c - a +3 quarterstaff of draining
 y - the +4 flail of Offence (weapon) {heavy, rF+ SInv}
   (You found it on level 4 of the Dungeon)

   rF+:       It protects you from fire.
   SInv:      It lets you see invisible.
 C - a +3 dagger of venom
 J - a +3 quarterstaff of chaos
 L - a +3 spear
Missiles
 H - a throwing net
 I - 5 darts of dispersal
 M - 6 javelins
Armour
 h - a +0 scale mail
 j - a +1 hat (worn)
 l - a +2 robe of willpower
 r - the orb of the Trombone (worn) {mayhem, Str+4 Int+3 Stlth-}
   (You acquired it in a sewer)

   Str+4:     It affects your strength (+4).
   Int+3:     It affects your intelligence (+3).
   Stlth-:    It makes you less stealthy.
 A - a +0 pair of boots (worn)
 D - a scarf of resistance (worn)
 G - a +0 pair of boots
 K - a +0 cloak
Magical Staves
 z - a staff of cold
Jewellery
 m - a +6 ring of strength (left hand)
 q - a ring of protection from cold
 s - a +6 ring of dexterity (right hand)
 x - a ring of protection from fire
 E - a ring of positive energy
 F - an amulet of regeneration (around neck)
 O - a ring of fire
 P - a ring of resist corrosion
Scrolls
 b - 3 scrolls of poison
 g - 3 scrolls of vulnerability
 t - 4 scrolls of fear
 u - 2 scrolls of revelation
 B - 2 scrolls of teleportation
 N - a scroll of immolation
 Q - a scroll of acquirement
 R - a scroll of blinking
 S - 3 scrolls of silence {unknown}
Potions
 a - a potion of magic
 d - 2 potions of invisibility
 e - a potion of ambrosia
 f - 5 potions of curing
 i - 2 potions of degeneration
 k - 2 potions of enlightenment {unknown}
 n - 2 potions of haste {unknown}
 o - a potion of lignification {unknown}
 p - a potion of mutation {unknown}
 v - 2 potions of heal wounds {unknown}
 w - a potion of brilliance {unknown}


   Skills:
 + Level 5.2 Fighting
 + Level 6.5(7.6) Maces & Flails
 + Level 6.0(7.3) Staves
 + Level 5.2 Dodging
 + Level 4.4 Stealth
 + Level 6.0 Spellcasting
 + Level 1.0 Conjurations
 + Level 8.2 Fire Magic


You had 14 spell levels left.
You knew the following spells:

 Your Spells              Type           Power      Damage    Failure   Level
a - Foxfire               Conj/Fire      100%       2x1d9     1%          1
b - Scorch                Fire           84%        2d8       1%          2
c - Flame Wave            Conj/Fire      27%        2d9       14%         4

Your spell library contained the following spells:

 Spells                   Type           Power      Damage    Failure   Level
 Inner Flame              Hex/Fire       24%        N/A       4%          3
 Volatile Blastmotes      Fire/Tloc      48%        2d14      4%          3
 Tukima's Dance           Hex            6%         N/A       26%         3
 Iskenderun's Mystic Bla  Conj/Tloc      9%         2d4       58%         4
 Dimensional Bullseye     Hex/Tloc       3%         N/A       65%         4
 Summon Cactus Giant      Summ           3%         N/A       100%        6


Dungeon Overview and Level Annotations

Branches:
Dungeon (9/15)             Temple (1/1) D:4            Lair (0/5) D:9
  Sewer (visited)
    Orc: D:9-12

Altars:
Ashenzari
Cheibriados
Dithmenos
Elyvilon
Fedhas
Gozag
Hepliaklqana
Kikubaaqudgha
Makhleb
Nemelex Xobeh
Okawaru
Qazlal
Ru
Trog
Uskayaw
Vehumet
Wu Jian
Xom
Yredelemnul
Zin
The Shining One

Shops:
D:4 (

Annotations:
D:8 1 runed translucent door
Temple 2 transporters


Innate Abilities, Weirdness & Mutations

Your life essence is reduced to manifest your ancestor. (-10% HP)
You can breathe blasts of fire.
Your fiery red scales are hard. (AC +7)
You cannot fit into any form of body armour.
Your flesh is heat resistant. (rF+)
You are cold-blooded and may be slowed by cold attacks.


Message History

You destroy the wraith!
The wyvern flies into a frenzy!
The wyvern bites you!
The wyvern bites the orc warrior!
The orc priest hits the orc priest with a +0 short sword!
The orc priest dies!
The orc hits the orc priest with a +0 dagger.
The wyvern completely misses you.
The orc priest barely misses the orc.
The orc barely misses the orc priest.
The orc warrior completely misses you.
The orc warrior barely misses the wyvern.
You hit the orc warrior.
You kill the orc warrior!
The orc flies into a frenzy!
The wyvern bites you but does no damage.
The wyvern barely misses you.
The orc priest hits the orc with a +0 short sword!
The orc dies!
The wyvern closely misses you. The wyvern completely misses you.
The orc priest shouts!
The wyvern bites you but does no damage.
The wyvern bites you!!
* * * LOW HITPOINT WARNING * * *
You barely miss the wyvern. You tail-slap the wyvern.
The wyvern is moderately wounded.
The wyvern closely misses you. x2
The orc priest closely misses the wyvern.
The wyvern bites the orc priest!
The orc priest dies!
The wyvern barely misses you.
You hit the wyvern but do no damage.
The wyvern is moderately wounded.
The wyvern bites you!
* * * LOW HITPOINT WARNING * * *
The wyvern closely misses you. x2
Unknown command.
Aiming: Breathe Fire (3% risk of failure)
Press: ? - help, Shift-Dir - straight line, f - wyvern
Aim: a wyvern (moderately wounded, fast, strong, frenzied and wild, 68% to hit)
You fail to use your ability.
The wyvern bites you!
You die...
Hepliaklqana delivers you to your ancestors.

####....#
#.#
........#
#.#
.###....#
#.# ####.#
#.#
#.#######.##
#..........#
#########..#
#..# #.@#
######)k##
#......$.#
#.####.#.#
##)#..#
#.†##..#
#..)# #.#
#....) .#
#......[ #


You could see a neutral wyvern (fast, strong, frenzied).

Vanquished Creatures
  Maggie (D:6)
  A troll (D:9)
  Grinder (D:6)
  Sigmund (D:2)
  Eustachio (D:6)
  A wyvern (D:8)
  A wraith (D:9)
  A steam dragon (D:7)
  2 water moccasins (D:5)
  3 orc warriors
  An ogre (D:4)
  3 wolves
  A centaur (D:7)
  2 kobold brigands (D:8)
  2 brain worms (Sewer)
  A scorpion (D:4)
  2 bullfrogs
  3 killer bees (D:7)
  3 howler monkeys
  2 bombardier beetles
  3 orc priests
  A sleepcap (D:6)
  2 hounds
  A jelly (D:5)
  2 iguanas
  An orc wizard (D:8)
  4 gnolls
  11 adders
  2 river rats (Sewer)
  3 ribbon worms
  19 orcs
  5 endoplasms
  5 giant cockroaches
  5 goblins
  5 hobgoblins
  3 jackals (D:2)
  6 quokkas
  9 ball pythons
  4 bats
  14 frilled lizards
  16 kobolds
  14 rats
168 creatures vanquished.

Vanquished Creatures (collateral kills)
  A steam dragon (D:8)
  Grum (D:8)
  A black bear (D:7)
  A wolf (D:8)
  A centaur (D:8)
  A phantom (D:6)
  A kobold brigand (D:7)
  2 scorpions (D:6)
  A killer bee (D:7)
  2 jellies (D:7)
  2 orc priests (D:9)
  Crazy Yiuf (D:6)
  2 gnoll boudas (D:7)
  A hound (D:6)
  2 iguanas
  2 orc wizards
  5 gnolls (D:7)
  A dart slug (D:5)
  5 orcs
  11 kobolds
44 creatures vanquished.

Vanquished Creatures (others)
  A wolf (D:9)
  A killer bee (D:7)
  2 battlemagi
  A gnoll (D:7)
  An orc (D:8)
  6 foxfires
12 creatures vanquished.

Grand Total: 224 creatures vanquished

Notes
Turn   | Place    | Note
-------+----------+-------------------------------------------
     0 | D:1      | superpeng the Draconian Fire Elementalist began the quest
                  | for the Orb.
     0 | D:1      | Reached XP level 1. HP: 14/14 MP: 3/3
    67 | D:1      | Reached XP level 2. HP: 3/20 MP: 5/5
   957 | D:1      | Reached XP level 3. HP: 27/27 MP: 6/6
  1063 | D:1      | HP: 1/27 [poisoned by you (poison gas)]
  1640 | D:2      | Noticed Sigmund
  1656 | D:2      | HP: 1/27 [Sigmund/magic dart (10)]
  1660 | D:2      | Killed Sigmund
  1661 | D:2      | Reached skill level 1 in Fighting
  1661 | D:2      | Reached XP level 4. HP: 2/36 MP: 7/7
  1661 | D:2      | Reached XP level 5. HP: 2/41 MP: 8/8
  2696 | D:3      | Reached XP level 6. HP: 48/48 MP: 9/9
  2740 | D:3      | Found a blossoming altar of Fedhas.
  3165 | D:4      | Found a glowing drain.
  3172 | Sewer    | Entered a sewer
  3229 | Sewer    | Learned a level 2 spell: Scorch
  3560 | Sewer    | Identified a scroll of acquirement
  3560 | Sewer    | Acquired the orb of the Trombone {mayhem, Str+4 Int+3
                  | Stlth-}
  3717 | D:4      | Found a staircase to the Ecumenical Temple.
  3730 | D:4      | Your scales start taking on a fiery red colour.
  3730 | D:4      | Reached skill level 4 in Fire Magic
  3730 | D:4      | Reached XP level 7. HP: 56/56 MP: 10/10
  3730 | D:4      | Gained mutation: Your flesh is heat resistant. (rF+) [Red
                  | Draconian growth]
  3742 | Temple   | Found a transporter.
  3742 | Temple   | Found a transporter.
  3742 | Temple   | Found a transporter.
  3742 | Temple   | Found a transporter.
  3742 | Temple   | Entered the Ecumenical Temple
  3768 | Temple   | Became a worshipper of Hepliaklqana the Forgotten
  3815 | D:4      | Reached skill level 5 in Staves
  3953 | D:4      | Identified the +4 flail of Offence {heavy, rF+ SInv}
  4495 | D:4      | Found Eporenil's Weapon Shop.
  4612 | D:5      | Entered Level 5 of the Dungeon
  4666 | D:5      | Reached * piety under Hepliaklqana
  4899 | D:5      | Reached skill level 1 in Maces & Flails
  4899 | D:5      | Reached skill level 5 in Fire Magic
  5067 | D:5      | Reached XP level 8. HP: 30/56 MP: 12/12
  5369 | D:5      | You fall into a shaft and drop 2 floors!
  5449 | D:7      | Reached ** piety under Hepliaklqana
  5451 | D:7      | Remembered your ancestor Bob as a battlemage
  5625 | D:7      | Reached skill level 6 in Fire Magic
  5718 | D:6      | Noticed Grinder
  5726 | D:6      | Killed Grinder
  5727 | D:6      | Reached XP level 9. HP: 43/63 MP: 15/15
  5843 | D:6      | Noticed Maggie
  5856 | D:6      | Killed Maggie
  6061 | D:6      | Identified the +8 trident of the Evil Eye {flame, Int+5}
  6256 | D:6      | Reached skill level 5 in Maces & Flails
  6262 | D:6      | Noticed Eustachio
  6270 | D:6      | Killed Eustachio
  6451 | D:6      | Found a runed translucent door.
  6452 | D:6      | Noticed Crazy Yiuf
  6456 | D:6      | Killed Crazy Yiuf
  6558 | D:6      | Reached skill level 7 in Fire Magic
  6744 | D:7      | Found a shadowy altar of Dithmenos.
  6802 | D:7      | Reached skill level 5 in Spellcasting
  6874 | D:7      | Learned a level 4 spell: Flame Wave
  7306 | D:7      | Reached *** piety under Hepliaklqana
  8048 | D:8      | Noticed Grum
  8096 | D:8      | Killed Grum
  8136 | D:8      | Reached skill level 5 in Fighting
  8136 | D:8      | Reached XP level 10. HP: 65/72 MP: 18/18
  8422 | D:8      | Found a runed translucent door.
  8423 | D:8      | Noticed a cyclops
  8424 | D:8      | Noticed an orc knight
  8435 | D:8      | Reached skill level 8 in Fire Magic
  9009 | D:9      | Reached skill level 5 in Dodging
  9114 | D:9      | Reached **** piety under Hepliaklqana
  9117 | D:9      | Found a staircase to the Lair.
  9137 | D:9      | Mangled by a wyvern

Illustrated notes

Levels and vault maps discovered:
D:1:      lemuel_arrival_lava_pool, layout_basic, dk_noncrumbling_2
D:2:      layout_basic, uniq_sigmund
D:3:      layout_basic, fedhas_altar_fruit_tree
D:4:      layout_basic, minmay_temple_entry_grid,
          mainiacjoe_sewer_entry_somewhere_in_here_1, serial_curves,
          eino_curves_01, eino_curves_04, serial_shops, nicolae_stop_n_shop_2
D:5:      layout_cave_pools, serial_co_window_serial, co_window_paths_a,
          co_window_cross_1, co_window_paths_a, co_window_paths_a,
          co_window_of_opportunity_a, co_window_paths_a, co_window_paths_b,
          co_window_cross_3, co_window_paths_c, co_window_broadway_a,
          co_window_corner_cb, co_window_broadway_c, co_window_broadway_b,
          glass_columns_b, glass_columns_b, glass_columns_b, glass_columns_c,
          glass_columns_b
D:6:      layout_basic, uniq_crazy_yiuf_cottage, uniq_grinder, uniq_maggie,
          uniq_eustachio
D:7:      layout_layer_cave, grunt_dithmenos_smoke
D:8:      layout_loops_ring, wad_hexagon, uniq_grum
D:9:      layout_loops_ring, erik_lair_orcish_takeover
Temple:   hellmonk_temple_divided_pantheon

Skill      XL: |  1  2  3  4  5  6  7  8  9 10 |
---------------+-------------------------------+-----
Dodging        | 2 3 4 5 |  5.2
Stealth        | 2 3 4 |  4.4
Fighting       | 1 2 3 4 5 |  5.2
Staves         | 3 4 5 6 |  6.0
Fire Magic     | 4 5 6 7 8 |  8.2
Maces & Flails | 1 4 6 |  6.5
Spellcasting   | 3 4 5 6 |  6.0
Conjurations   | |  1.0

Action                     |  1- 3 |  4- 6 |  7- 9 | 10-12 || total
---------------------------+-------+-------+-------+-------++-------
  Melee: Quarterstaff      |    67 |   166 |     5 |       ||   238
         Tailslap          |     7 |    10 |     8 |     3 ||    28
         Flail             |       |       |    87 |    23 ||   110
   Cast: Scorch            |       |     6 |    38 |     4 ||    48
         Foxfire           |       |     2 |       |     1 ||     3
         Flame Wave        |       |       |     1 |     1 ||     2
 Invoke: Ancestor Identity |       |       |     2 |       ||     2
         Recall Ancestor   |       |       |     1 |       ||     1
         Ancestor Life: Ba |       |       |     1 |       ||     1
Ability: Breathe Fire      |       |       |     7 |       ||     7
    Use: Scroll            |     2 |     7 |     5 |       ||    14
   Stab: Sleeping          |     2 |     2 |       |       ||     4
         Distracted        |       |       |     5 |       ||     5
 Armour: Skin              |    45 |    92 |   119 |    34 ||   290
  Dodge: Dodged            |    67 |   107 |   115 |    47 ||   336

Table legend: (Time is in decaauts)
 A = Elapsed time spent in this place.
 B = Non-inter-level travel time spent in this place.
 C = Inter-level travel time spent in this place.
 D = Time resting spent in this place.
 E = Time spent auto-exploring this place.
 F = Levels seen in this place.
 G = Mean time per level.
                   A        B        C        D        E       F      G
               +--------+--------+--------+--------+--------+-----+--------+
         Total |   9320 |   8882 |    438 |   1082 |   5204 |  11 |  847.3 |
       Dungeon |   8663 |   8236 |    427 |   1002 |   4977 |   9 |  962.6 |
        Temple |     66 |     55 |     11 |      0 |     15 |   1 |   66.0 |
         Sewer |    590 |    590 |      0 |     80 |    212 |   1 |  590.0 |
               +--------+--------+--------+--------+--------+-----+--------+

Top non-repeatable levels by time:
     D:7: 1627 daAuts
     D:1: 1606 daAuts
     D:6: 1072 daAuts
     D:8: 957 daAuts
     D:4: 927 daAuts
     D:2: 813 daAuts
     D:5: 774 daAuts
     D:3: 722 daAuts
   Sewer: 590 daAuts
     D:9: 161 daAuts
  Temple: 66 daAuts
